Map: Megaton

Players

Lhama

  • Race: Terran Terran
  • League: Diamond
  • Spawn Location: 11:00

ycyy

  • Race: Protoss Protoss
  • League: Diamond
  • Spawn Location: 12:00

aerun

  • Race: Terran Terran
  • Spawn Location: 0:00

Joker

  • Race: Zerg Zerg
  • League: Silver
  • Spawn Location: 0:00

NEO

  • Race: Protoss Protoss
  • Spawn Location: 5:00

cian

  • Race: Protoss Protoss
  • Spawn Location: 5:00

Michael

  • Race: Terran Terran
  • League: Gold
  • Spawn Location: 6:00

BladeofAiur

  • Race: Terran Terran
  • Spawn Location: 5:00

VOD

Have the link to the VOD?

Description

Time

  • Played on: Sept. 18, 2016, 4:28 p.m.
  • Length: 12:23
Show
View Real Time Build Order
Export as new Build Order

Lhama Terran 

Build Orders: Command Center First (CC), MMM Bio 

Get SALT Encoding   

  12  0:01  SCV  
  13  0:13  SCV  
  14  0:18  Supply Depot  
  14  0:25  SCV  
  15  0:39  SCV  
  16  0:51  SCV  
  17  1:06  Command Center, SCV  
  18  1:16  Barracks  
  18  1:19  SCV  
  18  1:25  Refinery  
  19  1:31  SCV  
  20  1:36  Refinery  
  20  1:43  SCV  
  20  1:46  Engineering Bay  
  21  1:56  SCV  
  22  2:08  Orbital Command  
  22  2:16  Missile Turret  
  22  2:27  Missile Turret  
  22  2:38  Planetary Fortress  
  22  2:41  SCV  
  22  2:42  Barracks Reactor  
  23  2:54  SCV  
  24  3:05  Factory  
  24  3:06  SCV  
  25  3:15  SCV, Refinery  
  25  3:18  SCV  
  25  3:19  Marine x2  
  29  3:27  SCV, Terran Infantry Weapons Level 1  
  29  3:30  SCV  
  31  3:37  Supply Depot, Marine x2  
  31  3:39  SCV  
  34  3:43  SCV  
  35  3:50  Factory Tech Lab  
  35  3:51  SCV  
  35  3:54  Starport  
  35  3:55  SCV, Marine  
  38  3:58  Marine  
  39  4:12  Siege Tank  
  39  4:13  Marine  
  39  4:15  SCV  
  39  4:16  Marine  
  45  4:17  SCV  
  46  4:24  Barracks x2  
  46  4:26  Barracks  
  46  4:28  Barracks  
  46  4:30  Supply Depot  
  46  4:31  Starport Reactor  
  46  4:34  Supply Depot  
  46  4:37  Supply Depot, Armory  
  46  4:41  Engineering Bay  
  46  4:46  Refinery  
  46  4:51  SCV x2  
  46  4:52  Widow Mine  
  50  5:03  SCV x2  
  52  5:07  Command Center  
  52  5:10  Factory  
  52  5:20  Barracks Reactor x2  
  52  5:21  Barracks Tech Lab x2  
  52  5:23  Terran Infantry Armor Level 1  
  52  5:26  Medivac  
  52  5:27  Marine x2  
  56  5:30  SCV  
  56  5:35  SCV  
  58  5:36  Terran Infantry Weapons Level 2  
  58  5:39  Marine x2  
  60  5:45  Marine x2  
  62  5:52  Terran Vehicle And Ship Armor Level 1  
  62  5:53  SCV  
  63  5:57  Marine x2  
  63  6:01  SCV  
  63  6:02  Command Center  
  63  6:03  Marine x4  
  70  6:07  Supply Depot  
  70  6:08  Supply Depot  
  70  6:09  Supply Depot  
  70  6:10  Marine  
  70  6:11  Combat Shields  
  71  6:13  Stimpack, Factory Reactor  
  71  6:15  Marine  
  71  6:17  SCV  
  71  6:18  SCV  
  74  6:25  Planetary Fortress, Missile Turret  
  74  6:29  SCV, Marine x5  
  74  6:30  SCV, Marine  
  82  6:34  Marine  
  82  6:35  Marine  
  84  6:40  Widow Mine  
  84  6:41  SCV  
  84  6:44  Medivac  
  84  6:46  Medivac, Marine  
  91  6:47  Marine  
  91  6:48  SCV  
  94  6:59  Widow Mine x2  
  94  7:00  Marine  
  94  7:01  Marine  
  100  7:07  Supply Depot  
  100  7:09  Widow Mine  
  100  7:10  SCV x2  
  100  7:11  Supply Depot  
  100  7:12  SCV  
  100  7:14  Medivac, Marine  
  108  7:22  SCV  
  109  7:33  Marine x4  
  109  7:34  Marauder x2, Widow Mine x2  
  109  7:35  Medivac  
  109  7:36  Marine  
  124  7:39  Marine  
  124  7:40  SCV x3  
  124  7:44  Supply Depot  
  128  7:47  Supply Depot  
  128  7:51  Refinery  
  128  7:52  SCV x2  
  128  7:53  SCV  
  128  7:55  Marauder x2, Refinery  
  128  7:56  Marine x3  
  128  7:58  Widow Mine  
  138  8:02  Terran Infantry Armor Level 2  
  138  8:04  SCV  
  138  8:05  Terran Vehicle And Ship Armor Level 2  
  141  8:08  Marine x2  
  141  8:11  SCV  
  144  8:16  Marine  
  144  8:17  Marine  
  146  8:26  Marauder, Marine x4, Widow Mine  
  146  8:27  Marauder, Widow Mine  
  154  8:28  Medivac  
  157  8:47  Marine  
  157  8:48  Marine x6  
  160  8:49  Marine  
  160  8:55  SCV  
  163  8:57  Barracks x2  
  163  8:58  SCV  
  163  8:59  Barracks  
  163  9:00  Barracks  
  164  9:04  Terran Infantry Weapons Level 3  
  164  9:12  Starport  
  164  9:17  Fusion Core  
  164  9:19  Marine  
  164  9:20  Supply Depot  
  164  9:21  SCV  
  164  9:22  Supply Depot  
  164  9:23  Supply Depot  
  164  9:41  Widow Mine x2  
  164  9:42  Medivac, Marine x2  
  164  9:43  Marine  
  164  9:45  Marine x6  
  176  9:46  Marine  
  176  9:58  Liberator  
  134  10:12  Marine x5  
  134  10:13  Marauder x2, Marine x4, Widow Mine  
  134  10:14  Widow Mine  
  132  10:15  Medivac  
  132  10:18  Starport Tech Lab  
  132  10:21  Marine  
  138  10:27  Liberator  
  128  10:29  Marine  
  128  10:30  Marine x4  
  128  10:34  Marauder x2  
  126  10:37  Marine x4  
  126  10:39  Widow Mine  
  126  10:40  Marine  
  126  10:42  Widow Mine x2  
  133  10:43  Liberator  
  133  10:45  Liberator  
  133  10:47  Marine x2  
  133  10:48  Marine  
  143  10:50  SCV  
  143  10:53  Marine x2  
  143  10:54  Marine  
  143  10:55  Marauder, Marine x3  
  143  10:56  Marauder  
  160  11:08  Orbital Command, Widow Mine  
  162  11:12  SCV x2  
  162  11:13  Liberator  
  162  11:16  Barracks Reactor x4  
  162  11:17  Marauder x2, Marine  
  162  11:18  Marine  
  170  11:19  Marine  
  170  11:20  Marine  
  172  11:28  Marine  
  172  11:30  Marine  
  177  11:35  Marine x2  
  177  11:38  Marauder  
  177  11:39  Marauder  
  183  11:40  Command Center  
  186  11:58  Marine x2  
  188  12:02  Supply Depot  
  188  12:06  Supply Depot  
Show
View Real Time Build Order
Export as new Build Order

ycyy Protoss 

Build Orders:  

Get SALT Encoding   

  12  0:01  Probe (Chrono Boost)  
  13  0:11  Probe (Chrono Boost)  
  14  0:18  Pylon  
  14  0:22  Probe (Chrono Boost)  
  15  0:36  Probe (Chrono Boost)  
  16  0:47  Probe (Chrono Boost)  
  17  0:57  Probe (Chrono Boost)  
  18  1:08  Probe (Chrono Boost)  
  20  1:18  Probe (Chrono Boost)  
  20  1:29  Probe (Chrono Boost)  
Show
View Real Time Build Order
Export as new Build Order

aerun Terran 

Build Orders:  

Get SALT Encoding   

  12  0:41  SCV  
  13  0:43  Command Center  
  13  0:53  SCV  
  14  1:05  SCV  
  15  1:22  Supply Depot  
  15  1:23  Supply Depot  
  15  1:35  Refinery  
  15  1:43  SCV  
  15  1:46  Barracks  
  16  1:52  Barracks  
  16  1:55  SCV  
  17  2:08  SCV x2  
  19  2:20  SCV x2  
  21  2:32  SCV  
  21  2:36  SCV  
  23  2:43  Marine x2  
  25  2:48  SCV  
  26  3:01  Marine x2  
  27  3:17  SCV  
  27  3:19  Marine x2  
  30  3:20  Refinery  
  30  3:21  Supply Depot  
  30  3:44  Barracks Tech Lab  
  30  3:45  Barracks Reactor  
  30  3:51  Orbital Command  
  30  3:53  Orbital Command  
  30  4:02  Barracks  
  30  4:20  Refinery  
  30  4:21  Marine x2  
  30  4:22  Marine  
  33  4:28  Barracks x2  
  33  4:30  SCV  
  34  4:38  Supply Depot x2  
  34  4:39  Marine x2  
  34  4:40  Marine  
  34  4:42  SCV  
  34  4:45  SCV  
  39  4:46  Refinery  
  39  4:54  SCV  
  39  4:57  Factory, SCV, Marine x3  
  43  5:01  Supply Depot  
  43  5:04  Supply Depot  
  43  5:06  SCV  
  44  5:09  SCV  
  43  5:14  Marine  
  43  5:15  Marine x2  
  43  5:18  SCV  
  48  5:21  SCV  
  48  5:22  Barracks Reactor  
  48  5:23  Barracks Reactor  
  48  5:25  Barracks Tech Lab  
  48  5:29  Factory  
  48  5:34  SCV  
  49  5:40  Command Center  
  49  5:46  SCV  
  49  5:48  Command Center  
  50  5:50  Command Center  
  50  5:58  SCV  
  51  6:10  SCV  
  50  6:14  Marine x8  
  57  6:22  SCV  
  58  6:32  Marine x3  
  61  6:38  Marine x4  
  65  6:43  Combat Shields  
  65  6:56  Marine x2  
  65  6:57  Marine x4  
  65  6:59  Factory Tech Lab  
  71  7:08  Starport  
  71  7:10  Starport  
  71  7:28  Orbital Command  
  71  7:31  SCV x2  
  73  7:38  Orbital Command  
  73  7:43  SCV x2  
  75  7:47  Barracks  
  75  7:52  Siege Tank  
  75  7:55  SCV x2, Starport Reactor, Engineering Bay  
  72  8:02  Starport Reactor  
  72  8:07  SCV x2  
  72  8:09  Barracks  
  74  8:13  Stimpack, Concussive Shells  
  74  8:19  SCV x2  
  76  8:21  Factory Tech Lab  
  76  8:23  Engineering Bay  
  76  8:27  Siege Tank  
  79  8:28  Marine x4  
  79  8:29  Marine  
  79  8:31  SCV  
  85  8:40  Terran Infantry Weapons Level 1  
  84  8:47  SCV  
  83  8:52  SCV  
  83  8:53  SCV x2  
  86  8:59  Supply Depot, Siege Tank, SCV  
  90  9:04  SCV  
  90  9:05  SCV x2  
  90  9:09  Barracks Tech Lab  
  93  9:11  SCV  
  93  9:16  SCV  
  95  9:17  SCV x2  
  95  9:22  Viking x4  
  95  9:23  SCV  
  106  9:29  SCV x3  
  109  9:35  SCV  
  110  9:41  SCV x2  
  112  9:52  Viking x4  
  92  10:22  Medivac x4  
  98  10:31  Marine  
  98  10:32  Marine x9  
  108  10:44  SCV  
  108  10:47  SCV  
  108  10:49  Marine x6  
  111  10:50  Marine x4, Refinery  
  111  10:51  Refinery  
  111  10:52  Viking x2  
  124  11:00  Armory  
  124  11:07  Supply Depot  
  124  11:08  Supply Depot  
  124  11:09  Marine  
  124  11:29  Medivac x3, Marine x8, SCV x2  
  124  11:32  Supply Depot  
  140  11:53  Marine x3  
  140  11:54  SCV  
  146  11:57  Supply Depot x2  
  146  11:58  Supply Depot  
  148  12:06  SCV  
  156  12:21  Supply Depot  
  156  12:22  Supply Depot  
  160  12:23  Supply Depot  
Show
View Real Time Build Order
Export as new Build Order

Joker Zerg 

Build Orders: Hatch First 

Get SALT Encoding   

  12  0:01  Drone  
  13  0:12  Overlord  
  13  0:17  Drone  
  14  0:31  Drone x2  
  16  0:40  Drone  
  17  0:55  Hatchery  
  16  1:07  Drone  
  16  1:08  Drone x2  
  19  1:39  Spawning Pool  
  18  1:40  Drone  
  18  1:41  Hatchery  
  18  1:44  Extractor  
  17  1:47  Drone  
  17  1:49  Drone  
  19  1:58  Drone  
  20  2:09  Drone  
  21  2:18  Drone  
  21  2:20  Drone x2  
  24  2:30  Zergling x2  
  25  2:46  Metabolic Boost  
  25  2:48  Drone x2  
  27  2:51  Drone  
  27  2:53  Drone, Overlord  
  27  2:56  Drone  
  30  3:03  Zergling x2  
  31  3:06  Zergling x2  
  31  3:08  Zergling x2  
  31  3:09  Zergling x2  
  31  3:12  Queen  
  36  3:13  Queen  
  36  3:16  Queen  
  36  3:17  Drone  
  41  3:31  Zergling x2  
  41  3:33  Overlord x2  
  42  4:09  Drone  
  41  4:10  Zergling x4  
  41  4:19  Overlord  
  41  4:23  Zergling x6  
  43  4:24  Zergling x2  
  43  4:25  Zergling x4  
  44  4:34  Drone  
  44  4:37  Drone  
  44  4:38  Drone  
  47  4:45  Roach Warren, Drone  
  47  4:50  Drone  
  47  4:51  Queen  
  50  5:02  Drone  
  50  5:03  Baneling Nest  
  50  5:04  Lair  
  50  5:12  Evolution Chamber  
  50  5:13  Evolution Chamber  
  50  5:14  Zergling x14  
  49  5:15  Zergling x6  
  49  5:16  Overlord x3  
  58  5:34  Zergling x2  
  59  5:42  Zergling x2  
  56  5:43  Zergling x16  
  56  5:52  Zergling x2  
  56  6:10  Drone x2  
  58  6:17  Drone x3  
  61  6:24  Zerg Ground Armor Level 1, Zerg Melee Weapons Level 1  
  61  6:37  Zergling x14  
  61  6:38  Zergling x8  
  72  6:40  Centrifical Hooks  
  72  6:44  Zergling x2  
  72  6:45  Zergling x2  
  74  6:49  Drone  
  74  6:53  Extractor  
  74  6:55  Extractor  
  74  6:58  Zergling x2  
  74  6:59  Hatchery, Overlord  
  73  7:21  Baneling x6  
  73  7:27  Drone x3  
  76  7:33  Extractor  
  76  7:35  Extractor  
  76  7:36  Extractor  
  72  7:49  Glial Reconstitution  
  72  7:52  Drone  
  72  7:53  Drone x2  
  75  8:16  Drone x4  
  75  8:18  Drone x2  
  75  8:19  Drone  
  82  8:21  Drone x3  
  82  8:24  Drone x2  
  85  8:42  Baneling x7  
  85  8:43  Baneling x16  
  85  8:52  Drone x2  
  87  8:57  Drone  
  87  8:59  Overlord x3  
  65  9:13  Zergling x2  
  65  9:14  Zergling x2  
  60  9:18  Zergling x2  
  61  9:25  Zergling x2  
  61  9:26  Zergling x24  
  72  9:34  Zergling x2  
  72  9:35  Zergling x2  
  72  9:40  Zergling x2  
  72  9:41  Zergling x4  
  74  10:03  Spire  
  74  10:05  Spire  
  74  10:06  Zerg Melee Weapons Level 2, Zerg Ground Armor Level 2  
  72  10:08  Zergling x16, Hydralisk Den  
  72  10:09  Zergling x2  
  72  10:14  Drone  
  81  10:23  Zergling x10  
  81  10:24  Zergling x2  
  87  10:33  Zergling x2  
  87  10:34  Zergling x6  
  89  10:41  Zergling x2  
  89  10:42  Zergling x8  
  92  10:46  Zergling x2  
  92  10:47  Zergling x8  
  97  10:55  Zergling x6  
  78  11:13  Zergling x12  
  83  11:19  Baneling  
  83  11:20  Baneling x20  
  83  11:21  Baneling x24  
  83  11:22  Baneling  
  83  11:24  Zergling x2  
  83  11:25  Zergling x16  
  92  11:27  Mutalisk  
  92  11:31  Mutalisk  
  96  11:33  Queen x2  
  96  11:38  Mutalisk x2  
  96  11:39  Mutalisk  
Show
View Real Time Build Order
Export as new Build Order

NEO Protoss 

Build Orders: Forge Fast Expand (FFE) 

Get SALT Encoding   

  12  0:05  Probe (Chrono Boost)  
  13  0:17  Pylon  
  13  0:24  Pylon  
  13  0:36  Forge  
  13  0:47  Probe (Chrono Boost)  
  14  0:58  Probe (Chrono Boost)  
  15  1:08  Probe (Chrono Boost)  
  16  1:19  Probe (Chrono Boost)  
  16  1:22  Photon Cannon  
  17  1:41  Nexus  
  17  2:00  Pylon  
  17  2:07  Photon Cannon  
  17  2:18  Assimilator  
  17  2:26  Photon Cannon  
  17  2:29  Photon Cannon  
  17  2:35  Gateway  
  17  2:54  Assimilator  
  17  2:55  Probe (Chrono Boost)  
  18  3:04  Assimilator  
  18  3:06  Probe (Chrono Boost)  
  18  3:11  Probe (Chrono Boost)  
  20  3:16  Probe (Chrono Boost)  
  20  3:19  Zealot  
  21  3:22  Probe (Chrono Boost)  
  25  3:27  Probe (Chrono Boost)  
  25  3:37  Cybernetics Core, Probe (Chrono Boost)  
  26  3:43  Zealot  
  26  3:48  Probe (Chrono Boost)  
  29  3:58  Probe (Chrono Boost)  
  30  4:04  Pylon  
  30  4:07  Zealot  
  30  4:09  Probe (Chrono Boost)  
  33  4:19  Probe (Chrono Boost)  
  34  4:24  Stargate  
  34  4:28  Stargate  
  34  4:30  Probe (Chrono Boost)  
  33  4:33  Assimilator  
  33  4:40  Probe (Chrono Boost)  
  33  4:43  Stargate  
  34  4:49  Probe (Chrono Boost)  
  34  4:51  Probe (Chrono Boost)  
  35  5:01  Probe (Chrono Boost)  
  35  5:02  Probe (Chrono Boost)  
  35  5:03  Photon Cannon  
  36  5:12  Probe (Chrono Boost)  
  36  5:13  Probe (Chrono Boost)  
  37  5:14  Pylon  
  37  5:17  Photon Cannon  
  37  5:21  Photon Cannon  
  37  5:25  Probe (Chrono Boost)  
  37  5:26  Gateway  
  37  5:27  Void Ray  
  42  5:42  Stargate  
  42  5:51  Probe (Chrono Boost)  
  42  5:52  Pylon  
  43  6:01  Probe (Chrono Boost)  
  43  6:03  Void Ray  
  48  6:11  Stargate  
  48  6:12  Probe (Chrono Boost)  
  49  6:22  Probe (Chrono Boost), Fleet Beacon  
  50  6:30  Pylon  
  52  6:37  Twilight Council  
  48  7:06  Tempest  
  48  7:08  Tempest  
  56  7:16  Protoss Air Weapons Level 1  
  56  7:24  Zealot  
  58  7:33  Gateway  
  58  7:36  Gateway  
  58  7:41  Tempest  
  62  7:45  Pylon  
  62  7:49  Tempest  
  66  7:51  Zealot  
  68  8:18  Zealot  
  70  8:25  Zealot  
  72  8:27  Zealot  
  73  8:45  Zealot  
  50  8:52  Zealot  
  50  8:54  Zealot  
  49  9:12  Zealot  
  51  9:19  Zealot  
  51  9:21  Robotics Facility  
  51  9:22  Zealot  
  55  9:41  Charge  
  53  9:46  Zealot  
  53  9:49  Zealot  
  55  10:08  Void Ray  
  55  10:14  Zealot  
  45  10:16  Zealot  
  47  10:26  Zealot  
  41  10:50  Void Ray  
  41  10:53  Zealot  
  47  11:15  Nexus  
  47  11:20  Zealot  
  45  11:33  Void Ray  
  43  11:48  Zealot  
  45  12:03  Nexus  
Show
View Real Time Build Order
Export as new Build Order

cian Protoss 

Build Orders:  

Get SALT Encoding   

  12  0:17  Probe (Chrono Boost)  
  13  0:24  Pylon  
  13  0:26  Assimilator  
  13  0:28  Probe (Chrono Boost)  
  14  0:38  Probe (Chrono Boost)  
  15  0:46  Gateway  
  15  0:49  Probe (Chrono Boost)  
  16  0:59  Probe (Chrono Boost)  
  17  1:07  Forge  
  17  1:10  Probe (Chrono Boost)  
  18  1:20  Gateway  
  18  1:34  Cybernetics Core  
  18  1:40  Assimilator  
  18  1:42  Probe (Chrono Boost)  
  19  2:10  Probe (Chrono Boost)  
  20  2:20  Probe (Chrono Boost)  
  21  2:30  Stalker  
  23  2:39  Pylon  
  23  2:45  Pylon  
  23  2:48  Pylon  
  23  2:57  Stalker  
  23  2:58  Probe (Chrono Boost)  
  26  3:00  Stalker  
  28  3:08  Probe (Chrono Boost)  
  29  3:14  Protoss Ground Weapons Level 1  
  29  3:19  Probe (Chrono Boost)  
  30  3:27  Stalker  
  30  3:28  Nexus  
  30  3:29  Probe (Chrono Boost)  
  33  3:41  Probe (Chrono Boost)  
  34  3:51  Pylon  
  34  3:53  Probe (Chrono Boost)  
  34  3:54  Pylon  
  35  4:05  Probe (Chrono Boost)  
  32  4:34  Stalker x2  
  35  4:39  Probe (Chrono Boost)  
  35  4:44  Assimilator  
  35  4:45  Probe (Chrono Boost)  
  36  4:52  Probe (Chrono Boost)  
  37  5:03  Twilight Council  
  37  5:04  Probe (Chrono Boost), Stalker x2  
  42  5:07  Pylon  
  42  5:22  Pylon  
  42  5:34  Stalker x2  
  47  6:04  Stalker  
  47  6:05  Probe (Chrono Boost)  
  47  6:10  Stargate  
  49  6:11  Robotics Facility  
  49  6:13  Probe (Chrono Boost)  
  49  6:18  Probe (Chrono Boost)  
  51  6:22  Pylon  
  51  6:24  Probe (Chrono Boost)  
  52  6:30  Probe (Chrono Boost), Photon Cannon  
  53  6:33  Photon Cannon  
  53  6:34  Probe (Chrono Boost)  
  53  6:38  Photon Cannon  
  53  6:39  Blink  
  54  6:42  Probe (Chrono Boost)  
  54  6:44  Photon Cannon  
  54  6:45  Probe (Chrono Boost)  
  56  6:48  Photon Cannon  
  56  6:50  Assimilator  
  57  6:54  Probe (Chrono Boost)  
  57  6:57  Protoss Ground Armor Level 1  
  57  7:10  Robotics Bay  
  57  7:11  Probe (Chrono Boost)  
  57  7:12  Probe (Chrono Boost)  
  60  7:23  Probe (Chrono Boost)  
  60  7:42  Photon Cannon  
  60  7:44  Photon Cannon  
  60  7:48  Photon Cannon  
  60  7:49  Photon Cannon  
  60  7:52  Photon Cannon  
  60  7:55  Photon Cannon  
  60  7:59  Photon Cannon  
  60  8:02  Probe (Chrono Boost), Photon Cannon  
  61  8:10  Stalker  
  61  8:11  Stalker  
  61  8:12  Probe (Chrono Boost)  
  66  8:23  Probe (Chrono Boost), Colossus  
  73  8:34  Pylon  
  73  8:38  Gateway, Extended Thermal Lance  
  72  9:10  Robotics Facility, Probe (Chrono Boost)  
  72  9:22  Probe (Chrono Boost)  
  73  9:26  Gateway  
  73  9:30  Pylon  
  73  9:33  Pylon  
  73  9:34  Probe (Chrono Boost)  
  74  9:40  Pylon  
  50  11:05  Stalker x4  
  50  11:09  Colossus x2  
  70  11:24  Nexus  
  70  11:34  Stalker  
  70  11:35  Stalker x3  
  70  11:36  Pylon  
  78  11:44  Pylon  
Show
View Real Time Build Order
Export as new Build Order

Michael Terran 

Build Orders: Mech 

Get SALT Encoding   

  12  0:02  SCV  
  13  0:15  SCV  
  13  0:19  Supply Depot  
  14  0:27  SCV  
  15  0:42  SCV  
  16  0:58  SCV  
  16  1:03  Supply Depot  
  17  1:05  Refinery  
  17  1:10  Barracks  
  17  1:12  SCV  
  17  1:15  Supply Depot  
  18  1:38  SCV  
  19  1:46  Barracks  
  19  1:50  SCV, Refinery  
  20  2:02  SCV  
  20  2:03  Reaper  
  22  2:14  SCV  
  24  2:35  Orbital Command  
  23  2:37  Reaper  
  23  2:38  Reaper  
  25  2:49  Factory  
  25  3:14  Barracks Tech Lab, Barracks Reactor  
  25  3:26  Command Center  
  23  4:13  SCV  
  24  4:18  Factory Tech Lab  
  24  4:20  Starport  
  24  4:23  Factory  
  24  4:25  SCV  
  24  4:28  Factory  
  25  4:47  Engineering Bay  
  25  4:52  Armory  
  25  4:56  Engineering Bay  
  25  5:03  Starport Reactor  
  25  5:06  Infernal Pre-Igniter  
  25  5:08  Factory Reactor  
  25  5:16  Orbital Command  
  25  5:18  SCV  
  26  5:30  SCV  
  27  5:42  SCV  
  28  5:43  Command Center  
  28  5:45  Missile Turret  
  28  5:49  Terran Infantry Weapons Level 1  
  28  5:54  SCV, Hellion x2  
  28  5:55  Hellion x2  
  37  5:59  Marauder, Marine  
  40  6:06  SCV  
  41  6:16  Hellion  
  43  6:19  SCV x2  
  45  6:31  SCV x2  
  47  6:36  Hellion  
  47  6:37  Hellion  
  47  6:38  Hellion  
  53  6:46  Supply Depot  
  53  6:52  Supply Depot  
  53  6:56  Supply Depot  
  53  6:59  Orbital Command  
  53  7:00  SCV  
  53  7:01  SCV  
  55  7:05  Medivac  
  55  7:07  Medivac  
  59  7:12  Terran Vehicle And Ship Armor Level 1, SCV  
  51  7:24  SCV  
  51  7:33  Marauder  
  51  7:34  Marine x2  
  55  7:38  Siege Tank  
  55  7:39  Hellion x2  
  55  7:40  Hellion  
  64  7:48  Barracks  
  64  7:52  Marine  
  64  7:53  Stimpack  
  65  8:09  Command Center  
  65  8:10  Siege Tank  
  68  8:22  SCV  
  68  8:24  Terran Infantry Weapons Level 2  
  69  8:34  SCV  
  69  8:38  Terran Infantry Armor Level 1  
  70  8:42  Orbital Command  
  70  8:46  SCV  
  71  8:52  Supply Depot  
  71  8:54  Barracks Tech Lab  
  71  8:58  SCV  
  74  9:03  Marauder, Marine x2  
  76  9:10  SCV  
  76  9:14  Supply Depot  
  76  9:15  Refinery  
  77  9:18  Refinery  
  77  9:21  Marine  
  77  9:23  SCV  
  81  9:24  Marauder  
  81  9:35  SCV  
  80  9:40  Siege Tank  
  80  9:41  Marauder  
  80  9:42  Marine x2  
  76  9:45  Marauder  
  42  10:00  Marine x2  
  42  10:03  Marauder  
  43  10:07  Marauder  
  43  10:18  Marine x2  
  45  10:24  Marauder  
  45  10:28  Marine  
  45  10:40  SCV  
  44  10:45  Marauder  
  44  10:46  Marauder  
  48  10:52  SCV  
  50  11:04  SCV  
  50  11:05  Marine x2  
  50  11:07  Marauder x2  
  50  11:09  Siege Tank  
  58  11:12  Medivac  
  58  11:13  Viking  
  62  11:22  SCV  
  62  11:23  Marine x2  
  65  11:28  Marine x2  
  65  11:29  Bunker  
  67  11:34  SCV  
  68  11:41  Marine x2  
  68  11:45  Marine  
  68  11:46  Marine  
Show
View Real Time Build Order
Export as new Build Order

BladeofAiur Terran 

Build Orders:  

Get SALT Encoding   

  12  0:01  SCV  
  13  0:13  SCV  
  14  0:23  Supply Depot  
  14  0:25  SCV  
  15  0:39  Refinery  
  15  0:45  SCV  
  15  0:46  Barracks  
  16  0:57  SCV  
  16  1:03  Supply Depot  
  17  1:09  SCV  
  18  1:21  SCV  
  19  1:34  Orbital Command  
  19  1:35  Reaper  
  20  1:43  Supply Depot  
  20  2:03  SCV  
  20  2:06  Refinery  
  21  2:12  Command Center  
  21  2:29  SCV  
  22  2:34  Barracks  
  22  3:11  SCV  
  23  3:23  SCV  
  24  3:31  Barracks Reactor  
  24  3:33  Barracks Reactor  
  24  3:35  SCV  
  24  3:37  Factory  
  24  3:39  Barracks  
  24  3:40  Orbital Command  
  25  3:47  SCV  
  26  4:00  SCV  
  27  4:06  Supply Depot  
  27  4:08  Supply Depot  
  27  4:12  SCV  
  28  4:24  SCV  
  29  4:30  Supply Depot  
  28  4:32  Supply Depot  
  28  4:33  Barracks Tech Lab  
  28  4:34  Marine x4  
  28  4:36  SCV  
  33  4:40  Factory Reactor  
  33  4:44  Starport  
  33  4:48  SCV  
  33  4:52  Marine x3  
  37  5:00  SCV  
  37  5:05  Marauder, Marine  
  41  5:09  Marine  
  41  5:10  Marine x2  
  41  5:12  SCV  
  45  5:18  Orbital Command  
  45  5:23  Marine  
  45  5:26  Marauder  
  37  5:49  Orbital Command  
  28  5:51  Marine x4  
  28  5:52  Marauder  
  34  6:07  Medivac x2  
  34  6:08  Marine x2  
  34  6:09  Marine x2  
  42  6:14  Marauder  
  42  6:16  SCV  
  45  6:26  Marine x3  
  45  6:27  Marine  
  45  6:28  SCV  
  50  6:35  Marauder  
  50  6:37  Medivac  
  50  6:38  Medivac  
  56  6:44  Marine x4  
  60  6:52  SCV  
  61  6:57  Marauder  
  63  7:02  Marine x2  
  63  7:04  Supply Depot, SCV  
  63  7:06  Supply Depot  
  66  7:10  Marine x2  
  65  7:18  Marauder  
  65  7:20  Marine x2  
  68  7:29  Supply Depot  
  68  7:40  Marauder, Marine x4  
  74  7:46  Engineering Bay  
  74  7:53  Supply Depot  
  74  7:58  Marine x2  
  76  8:01  Marauder  
  76  8:04  Stimpack  
  78  8:06  Marine  
  78  8:07  Marine  
  80  8:15  Marine  
  80  8:16  Supply Depot, Marine  
  82  8:23  Marauder  
  83  8:43  Marine  
  83  8:44  Marauder, Marine x3  
  83  8:46  Terran Infantry Weapons Level 1  
  89  9:01  Marine  
  89  9:02  Marine  
  93  9:05  Marauder  
  93  9:07  Medivac  
  57  9:19  Marine  
  57  9:20  Barracks  
  58  9:26  Supply Depot, Marine  
  58  9:27  Marauder  
  61  9:36  Supply Depot  
  61  9:37  Marine  
  62  9:44  Marine  
  63  9:48  Marauder  
  65  9:55  Marine  
  64  10:02  Marine  
  63  10:09  Marine  
  63  10:13  Marine  
  45  10:20  Marine  
  38  10:29  Marine x3  
  38  10:30  Marine  
  42  10:37  Marine  
Tags
 
Add a new tag
Caveats
  • Supply blocks, unpowered buildings, or Contaminate may cause inaccurate times.
  • Supply counts are checked every 10 seconds.